 Dungeon Crawl Stone Soup version 0.28-a0-233-gb8ca4b6547 (webtiles) character file.

Game seed: 12845975407526984686

54 timneilson the Covered (level 3, -2/23 HPs)
             Began as a Gargoyle Fighter on Aug 22, 2021.
             Slain by Natasha (3 damage)
             ... on level 2 of the Dungeon.
             The game lasted 00:01:34 (1728 turns).

timneilson the Covered (Gargoyle Fighter)           Turns: 1728, Time: 00:01:35

Health: -2/23      AC: 10    Str: 20    XL:     3   Next: 91%
Magic:  3/3        EV:  7    Int:  8    God:
Gold:   47         SH:  8    Dex:  9    Spells: 2/2 levels left

rFire   . . .      SeeInvis .   a - +0 long sword
rCold   . . .      Faith    .   c - +0 kite shield
rNeg    + . .      Spirit   .   b - +0 scale mail
rPois   ∞          Reflect  .   (no helmet)
rElec   +          Harm     .   (no cloak)
rCorr   .          Rampage  .   (no gloves)
Will    .....                   (no boots)
Stlth   ..........              (no amulet)
HPRegen 0.07/turn               (no ring)
MPRegen 0.08/turn               (no ring)

@: no status effects
A: sickness immunity, AC +3, negative energy resistance 1, electricity
resistance, torment resistance 1, petrification resistance
a: no special abilities


You were on level 2 of the Dungeon.
You visited 1 branch of the dungeon, and saw 2 of its levels.

You collected 47 gold pieces.

Inventory:

Hand Weapons
 a - a +0 long sword (weapon)
Armour
 b - a +0 scale mail (worn)
 c - a +0 kite shield (worn)
Potions
 d - a potion of might


   Skills:
 + Level 3.5 Fighting
 * Level 2.4 Long Blades
 * Level 3.9 Armour
 * Level 3.9 Shields


You had 2 spell levels left.
You didn't know any spells.
Your spell library was empty.

Dungeon Overview and Level Annotations

Branches:
Dungeon (2/15)

Altars:

Annotations:
D:2 Natasha


Innate Abilities, Weirdness & Mutations

You are immune to sickness and miasma.
Your stone body is resilient. (AC +3)
You are immune to poison.
You resist negative energy. (rN+)
You are resistant to electric shocks. (rElec)
You are resistant to unholy torment.
You are immune to petrification.


Message History

You barely miss Natasha.
Natasha is moderately wounded.
Natasha claws you but does no damage.
Natasha stares at you and mumbles some strange words.
The magic dart hits you but does no damage.
You closely miss Natasha.
Natasha is moderately wounded.
Natasha mumbles some strange words.
Natasha shimmers violently.
Natasha claws you but does no damage.
The white imp grinds its teeth.
Natasha barely misses you.
You miss Natasha.
Natasha is moderately wounded.
You block Natasha's attack. x2
You closely miss Natasha.
Natasha is moderately wounded.
You block Natasha's attack. Natasha claws you but does no damage.
You closely miss Natasha.
Natasha is moderately wounded.
Natasha claws you.
* * * LOW HITPOINT WARNING * * *
You block Natasha's attack. Natasha casts a spell at you.
You resist with significant effort.
You hit Natasha.
Natasha is moderately wounded.
You feel yourself speed up.
The white imp disappears in a puff of smoke!
Natasha claws you.
* * * LOW HITPOINT WARNING * * *
Natasha claws you but does no damage.
You closely miss Natasha.
Natasha is moderately wounded.
Natasha claws you but does no damage.
Unknown command.
You hit Natasha.
Natasha is severely wounded.
Natasha claws you.
You die...

######## #......#
#......... #......#
#........ ##......#
#........ ........#
...... ##......# ..§..
.+......# #..#
.#†.....########h##
..............##@.#
........†.....###.##
..............# #..#
..............# ##.##
..............####..#.#
...............)......#
.#####+######.........#
## #.........#
#.........#


You could see Natasha.

Vanquished Creatures
  2 adders (D:2)
  A dart slug (D:1)
  5 endoplasms
  3 goblins (D:1)
  2 hobgoblins (D:1)
  5 kobolds
  5 ball pythons
  4 bats
  8 frilled lizards
  A rat (D:2)
36 creatures vanquished.

Notes
Turn   | Place    | Note
-------+----------+-------------------------------------------
     0 | D:1      | timneilson the Gargoyle Fighter began the quest for the
                  | Orb.
     0 | D:1      | Reached XP level 1. HP: 14/14 MP: 1/1
   230 | D:1      | Reached XP level 2. HP: 2/19 MP: 2/2
  1050 | D:1      | Found a faded altar of an unknown god.
  1180 | D:1      | Reached XP level 3. HP: 23/23 MP: 3/3
  1710 | D:2      | Noticed Natasha
  1726 | D:2      | HP: 1/23 [Natasha (1)]
  1728 | D:2      | Slain by Natasha

Illustrated notes

Levels and vault maps discovered:
D:1:      lemuel_arrival_broad_hall, layout_basic,
          chequers_ecumenical_altar_island
D:2:      layout_basic, uniq_natasha

Skill      XL: |  1 |
---------------+----+-----
Long Blades    | 2 |  2.4
Fighting       | |  3.5
Armour         | |  3.9
Shields        | |  3.9

Action                   || total
-------------------------++-------
Melee: Long sword        ||   153
  Use: Scroll            ||     1
Armor: Scale mail        ||    87
Dodge: Dodged            ||    48
Block: Kite shield       ||    68
       Rpst.: Long sword ||    11

Table legend: (Time is in decaauts)
 A = Elapsed time spent in this place.
 B = Non-inter-level travel time spent in this place.
 C = Inter-level travel time spent in this place.
 D = Time resting spent in this place.
 E = Time spent auto-exploring this place.
 F = Levels seen in this place.
 G = Mean time per level.
                   A        B        C        D        E       F      G
               +--------+--------+--------+--------+--------+-----+--------+
         Total |   1819 |   1807 |     12 |      0 |   1438 |   2 |  909.5 |
       Dungeon |   1819 |   1807 |     12 |      0 |   1438 |   2 |  909.5 |
               +--------+--------+--------+--------+--------+-----+--------+

Top non-repeatable levels by time:
     D:1: 1540 daAuts
     D:2: 279 daAuts
